 Dungeon Crawl Stone Soup version 0.28-a0-704-g4d584c6bc1 (webtiles) character file.

Game seed: 17626647994168879776

141 MacCMillion the Firebug (level 4, -8/33 HPs)
             Began as a Demigod Fire Elementalist on Oct 23, 2021.
             Killed by an exploding giant cockroach (40 damage)
             ... ignited by their inner flame
             ... on level 3 of the Dungeon.
             The game lasted 00:10:33 (2675 turns).

MacCMillion the Firebug (Demigod Fire Elementalist) Turns: 2675, Time: 00:10:34

Health: -8/33      AC:  2    Str:  9    XL:     4   Next: 73%
Magic:  1/9        EV: 12    Int: 21    God:
Gold:   42         SH:  0    Dex: 14    Spells: 1/7 levels left

rFire   . . .      SeeInvis .   (no weapon)
rCold   . . .      Faith    .   (no shield)
rNeg    . . .      Spirit   .   a - +0 robe
rPois   .          Reflect  .   (no helmet)
rElec   .          Harm     .   (no cloak)
rCorr   .          Rampage  .   (no gloves)
Will    .....                   (no boots)
Stlth   ++........              (no amulet)
HPRegen 0.11/turn               (no ring)
MPRegen 0.11/turn               (no ring)

@: no status effects
A: high mp 1, forlorn
a: no special abilities


You were on level 3 of the Dungeon.
You visited 1 branch of the dungeon, and saw 3 of its levels.

You collected 42 gold pieces.

Inventory:

Armour
 a - a +0 robe (worn)
 b - a +0 buckler
Jewellery
 g - a ring of protection from cold
Scrolls
 d - a scroll of enchant weapon {unknown}
 e - a scroll of magic mapping {unknown}
 f - 3 scrolls of teleportation {unknown}
 h - a scroll of fog {unknown}
 i - a scroll of fear {unknown}
 j - a scroll of identify {unknown}
Potions
 c - 2 potions of brilliance {unknown}
 k - a potion of cancellation {unknown}
 l - 3 potions of curing {unknown}


   Skills:
 - Level 1.7 Dodging
 - Level 2.0 Stealth
 - Level 2.0 Spellcasting
 + Level 2.1 Conjurations
 + Level 0.6 Hexes
 * Level 4.4 Fire Magic


You had one spell level left.
You knew the following spells:

 Your Spells              Type           Power      Damage    Failure   Level
a - Foxfire               Conj/Fire      64%        2x1d7     3%          1
b - Scorch                Fire           40%        2d7       3%          2
c - Inner Flame           Hex/Fire       12%        N/A       16%         3

Your spell library contained the following spells:

 Spells                   Type           Power      Damage    Failure   Level
 Sting                    Tmut/Pois      8%         1d3       14%         1
 Conjure Flame            Conj/Fire      16%        6-21      12%         3
 Poisonous Vapours        Pois/Air       4%         N/A       22%         2
 Flame Wave               Conj/Fire      16%        3d5       36%         4
 Olgreb's Toxic Radiance  Pois           2%         N/A       82%         4


Dungeon Overview and Level Annotations

Branches:
Dungeon (3/15)

Annotations:
D:2 Robin


Innate Abilities, Weirdness & Mutations

Your attributes grow dramatically as you level up.
You have an increased reservoir of magic. (+10% MP)
You shall have no god before yourself.


Message History

The endoplasm quivers.
You conjure some foxfire!
You conjure some foxfire!
The foxfire hits the giant cockroach.
The giant cockroach is moderately wounded.
The giant cockroach closely misses you.
There is not enough space to conjure foxfire!
Your foxfire dissipates!
The foxfire hits the giant cockroach but does no damage.
Casting: Foxfire (safe; 3% risk of failure)
Confirm with . or Enter, or press ? or * to list all spells.
Flames lash the giant cockroach but do no damage.
Casting: Scorch (safe; 3% risk of failure)
Confirm with . or Enter, or press ? or * to list all spells.
You don't have enough magic to cast this spell.
Unknown command.
Casting: Scorch (safe; 3% risk of failure)
Confirm with . or Enter, or press ? or * to list all spells.
You don't have enough magic to cast this spell.
Unknown command.
The giant cockroach misses you. The giant cockroach bites you.
The giant cockroach closely misses you. The giant cockroach misses you.
The giant cockroach closely misses you.
Casting: Scorch (safe; 3% risk of failure)
Confirm with . or Enter, or press ? or * to list all spells.
You don't have enough magic to cast this spell.
The giant cockroach closely misses you. The giant cockroach bites you.
You see here a giant cockroach corpse.
Casting: Scorch (safe; 3% risk of failure)
Confirm with . or Enter, or press ? or * to list all spells.
Flames lash the giant cockroach.
You kill the giant cockroach!
You hit the giant cockroach.
Flame seeps out of the giant cockroach.
The giant cockroach is moderately wounded.
The giant cockroach is engulfed in blazing flames.
The giant cockroach explodes!
The fiery explosion engulfs you!!!
Ouch! That really hurt!
You die...

#....#.#
##.##.#.#
#<.##.#J#
#..##.#.#
#.....#l#
#.##..#.#
#.....#.#
##.####B#
#....○@#
######§#
###


You could see an endoplasm, a giant cockroach and a frilled lizard.

Vanquished Creatures
  Natasha (thrice) (D:2)
  An adder (D:2)
  5 endoplasms
  9 giant cockroaches (D:3)
  7 goblins
  4 hobgoblins (D:1)
  2 jackals (D:2)
  3 kobolds
  2 quokkas (D:1)
  2 ball pythons
  9 bats
  4 frilled lizards (D:1)
  4 rats
55 creatures vanquished.

Vanquished Creatures (others)
  160 foxfires
160 creatures vanquished.

Grand Total: 215 creatures vanquished

Notes
Turn   | Place    | Note
-------+----------+-------------------------------------------
     0 | D:1      | MacCMillion the Demigod Fire Elementalist began the quest
                  | for the Orb.
     0 | D:1      | Reached XP level 1. HP: 14/14 MP: 5/5
    79 | D:1      | Reached skill level 3 in Fire Magic
   409 | D:1      | Reached XP level 2. HP: 20/20 MP: 4/7
   498 | D:1      | Learned a level 2 spell: Scorch
   531 | D:1      | Reached skill level 1 in Conjurations
  1354 | D:2      | Noticed Natasha
  1359 | D:2      | Killed Natasha
  1360 | D:2      | Reached XP level 3. HP: 21/26 MP: 0/8
  1472 | D:2      | Noticed Robin
  1851 | D:2      | Noticed Natasha
  1857 | D:2      | Killed Natasha
  1858 | D:2      | Reached skill level 4 in Fire Magic
  1858 | D:2      | Reached XP level 4. HP: 33/33 MP: 4/9
  1941 | D:2      | Learned a level 3 spell: Inner Flame
  1990 | D:2      | Noticed Natasha
  2363 | D:2      | Killed Natasha
  2675 | D:3      | Killed by an exploding giant cockroach... ignited by their
                  | inner flame

Illustrated notes

Levels and vault maps discovered:
D:1:      dpeg_arrival_connections, layout_rooms,
          shapermc_ecumenical_altar_mp_highgroup, chequers_serial_rivers_micro_c
D:2:      layout_basic, uniq_robin, uniq_natasha
D:3:      minmay_roachtagon, layout_basic, serial_shops, shop,
          nicolae_square_shop, shop

Skill      XL: |  1  2  3  4 |
---------------+-------------+-----
Fire Magic     | 3 4 |  4.4
Conjurations   | 1 2 |  2.1
Stealth        | 2 |  2.0
Spellcasting   | 2 |  2.0
Dodging        | |  1.7
Hexes          | |  0.6

Action                   |  1- 3 |  4- 6 || total
-------------------------+-------+-------++-------
Melee: Unarmed           |       |     1 ||     1
 Cast: Foxfire           |    72 |    24 ||    96
       Scorch            |     8 |     6 ||    14
       Inner Flame       |       |     2 ||     2
Armor: Robe              |     4 |     1 ||     5
Dodge: Dodged            |    13 |    10 ||    23

Table legend: (Time is in decaauts)
 A = Elapsed time spent in this place.
 B = Non-inter-level travel time spent in this place.
 C = Inter-level travel time spent in this place.
 D = Time resting spent in this place.
 E = Time spent auto-exploring this place.
 F = Levels seen in this place.
 G = Mean time per level.
                   A        B        C        D        E       F      G
               +--------+--------+--------+--------+--------+-----+--------+
         Total |   2677 |   2587 |     90 |    359 |   1859 |   3 |  892.3 |
       Dungeon |   2677 |   2587 |     90 |    359 |   1859 |   3 |  892.3 |
               +--------+--------+--------+--------+--------+-----+--------+

Top non-repeatable levels by time:
     D:1: 1272 daAuts
     D:2: 1223 daAuts
     D:3: 181 daAuts
